 Dungeon Crawl Stone Soup version 0.31-a0-1074-g0b22e4e0f1 (webtiles) character file.

Game seed: 6934028826327722690

1456 Smoke131 the Trooper (level 8, -5/84 HPs)
             Began as an Ogre Gladiator on Dec 2, 2023.
             Was a Believer of Okawaru.
             Killed by divine providence
             ... invoked by an orc priest
              (14 damage)
             ... on level 6 of the Dungeon.
             The game lasted 00:15:57 (5678 turns).

Smoke131 the Trooper (Ogre Gladiator)               Turns: 5678, Time: 00:15:57

Health: -5/84      AC:  6    Str: 21    XL:     8   Next: 76%
Magic:  12/12      EV: 10    Int:  9    God:    Okawaru [**....]
Gold:   229        SH:  0    Dex: 10    Spells: 7/7 levels left

rFire   . . .        a - +0 trident
rCold   + . .        (no shield)
rNeg    . . .        b - +0 robe
rPois   .            c - +0 hat
rElec   .            h - +2 cloak
rCorr   .            (gloves unavailable)
SInv    .            (boots unavailable)
Will    .....        i - amulet of regeneration
Stlth   +            u - ring of protection from cold
HPRegen 1.14/turn    (no ring)
MPRegen 0.13/turn

%: no passive effects
@: no status effects
A: large, unfitting armour, tough skin 1
a: Renounce Religion, Heroism


You were on level 6 of the Dungeon.
You worshipped Okawaru.
Okawaru was pleased with you.
You visited 1 branch of the dungeon, and saw 6 of its levels.

You collected 229 gold pieces.

Inventory:

Hand Weapons
 a - a +0 trident (weapon)
Missiles
 d - 3 throwing nets
 r - 3 javelins (quivered)
Armour
 b - a +0 robe (worn)
 c - a +0 hat (worn)
 h - a +2 cloak (worn)
Jewellery
 e - a +6 ring of intelligence
 i - an amulet of regeneration (around neck)
 j - the ring of Otseac {rN+ Str-5 Int+3 Dex+6}
   (You found it on level 6 of the Dungeon)

   [ring of dexterity]

   Str-5:     It affects your strength (-5).
   Int+3:     It affects your intelligence (+3).
   Dex+6:     It affects your dexterity (+6).
   rN+:       It protects you from negative energy.
 u - a ring of protection from cold (left hand)
Wands
 q - a wand of polymorph (14)
Scrolls
 f - a scroll of revelation
 k - a scroll of poison
 m - a scroll of enchant armour {unknown}
 p - a scroll of identify
 t - a scroll of fog
Potions
 g - 3 potions of curing
 l - a potion of ambrosia
 n - a potion of mutation {unknown}
 o - 2 potions of heal wounds


   Skills:
 + Level 6.3 Fighting
 + Level 5.8 Polearms
 + Level 5.9 Throwing
 - Level 3.0 Dodging
 + Level 6.0 Invocations


You had 7 spell levels left.
You didn't know any spells.
Your spell library contained the following spells:

 Spells                   Type           Power      Damage    Failure   Level
 Foxfire                  Conj/Fire      0%         2x1d4     38%         1
 Sandblast                Erth           0%         2d4       38%         1
 Cigotuvi's Dreadful Rot  Necr/Pois/Air  0%         N/A       52%         2
 Passwall                 Tmut/Erth      0%         N/A       52%         2
 Static Discharge         Conj/Air       0%         3-3/arc   52%         2
 Stone Arrow              Conj/Erth      0%         3d7       77%         3
 Brom's Barrelling Bould  Conj/Erth      0%         2d3       99%         4
 Dispel Undead            Necr           0%         3d6       99%         4
 Conjure Ball Lightning   Conj/Air       0%         3x3d6     100%        6
 Fire Storm               Conj/Fire      0%         5d1       100%        9
 Death Channel            Necr           Unusable   N/A       N/A         6

Dungeon Overview and Level Annotations

Branches:
Dungeon (6/15)             Temple (0/1) D:4

Altars:
Ashenzari
Gozag
Hepliaklqana
Okawaru

Annotations:
D:4 3 runed translucent doors, Darius099's ghost, amateur MiFi


Innate Abilities, Weirdness & Mutations

You are too large for most types of armour.
You have tough skin. (AC +1)


Message History

The ice beast hits you. The ice beast freezes you. You resist.
The orc priest hits you but does no damage.
The orc barely misses you.
You closely miss the ice beast.
The ice beast is almost dead.
The ice beast hits you but does no damage.
The orc priest barely misses you.
The orc hits you with a +2 flail of holy wrath.
You closely miss the ice beast.
You punch the ice beast, but do no damage.
The ice beast is almost dead.
The ice beast hits you. The ice beast freezes you. You resist.
* * * LOW HITPOINT WARNING * * *
The orc priest barely misses you. The orc closely misses you.
You barely miss the ice beast.
The ice beast is almost dead.
The ice beast barely misses you. The orc priest hits you with a +0 mace.
* * * LOW HITPOINT WARNING * * *
The orc hits you but does no damage.
Throw: 5 javelins
Press: ? - help, Q - select action, (/) - cycle Shift-Dir - straight line, f - ice beast
Aim: an ice beast (almost dead, 59% to hit)
You throw a javelin.
The javelin pierces through the ice beast!
You kill the ice beast!
Okawaru accepts your kill. The orc priest hits you with a +0 mace.
* * * LOW HITPOINT WARNING * * *
The orc hits you with a +2 flail of holy wrath!
* * * LOW HITPOINT WARNING * * *
Your Invocations skill increases to level 6!
Throw: 4 javelins
Press: ? - help, Q - select action, (/) - cycle Shift-Dir - straight line, f - orc priest
Aim: an orc priest, wielding a +0 mace and wearing a +0 ring mail (63% to hit)
You throw a javelin.
The javelin pierces through the orc priest!
The orc priest is heavily wounded.
The orc priest calls down the wrath of Beogh upon you.
Beogh smites you!
You die...

#. #.....# ..#
#.....##### ...
######..... ###.#####
#.###...#.###. .........
#...'.....# #.
..o...#.#.###...### #)
#...#(#.###.....# #.
#oo....####.#.###.
#@#.#.... #.#.##.. #.#
#.##.##.#.##.. #.#
#.........##.. #.#
####.##.####..
#.#.####..#....#..
#.#............#..
#.#########.##.#..
########(#####........#..
.........................


You could see an orc priest and an orc.

Vanquished Creatures
  A water moccasin (D:5)
  A sky beast (D:3)
  An ice beast (D:6)
  An orc warrior (D:5)
  2 ogres (D:4)
  A bullfrog (D:6)
  2 scorpions (D:5)
  A howler monkey (D:6)
  3 orc priests
  Crazy Yiuf (D:4)
  2 jellies
  Terence (D:2)
  4 iguanas
  5 orc wizards
  Robin (D:4)
  4 gnolls
  6 adders
  3 white imps
  A worm (D:4)
  2 dart slugs
  19 orcs
  7 endoplasms
  5 giant cockroaches
  12 goblins
  5 hobgoblins
  2 jackals (D:3)
  15 kobolds
  5 quokkas
  8 ball pythons
  5 bats
  11 frilled lizards
  A rat (D:2)
138 creatures vanquished.

Notes
Turn   | Place    | Note
-------+----------+-------------------------------------------
     0 | D:1      | Smoke131 the Ogre Gladiator began the quest for the Orb.
     0 | D:1      | Reached XP level 1. HP: 22/22 MP: 1/1
   162 | D:1      | Reached XP level 2. HP: 22/29 MP: 2/2
   549 | D:2      | Reached XP level 3. HP: 37/37 MP: 3/3
  1017 | D:2      | Noticed Terence
  1023 | D:2      | Killed Terence
  1024 | D:2      | Reached XP level 4. HP: 37/48 MP: 4/4
  1871 | D:3      | Reached XP level 5. HP: 54/54 MP: 5/5
  2002 | D:3      | Got Fidoss's Vellum of the Brume and Wounds
  2063 | D:3      | Found an iron altar of Okawaru.
  2202 | D:3      | Found an opulent altar of Gozag.
  2373 | D:3      | Became a worshipper of Warmaster Okawaru
  2752 | D:4      | Noticed an ogre
  2758 | D:4      | Killed an ogre
  2759 | D:4      | Reached skill level 5 in Fighting
  2759 | D:4      | Reached XP level 6. HP: 66/66 MP: 6/6
  2772 | D:4      | Found a runed translucent gate.
  2773 | D:4      | Found a runed translucent gate.
  2774 | D:4      | Found a runed translucent gate.
  2781 | D:4      | Noticed Darius099's ghost (amateur MiFi)
  2788 | D:4      | Noticed a sky beast
  2818 | D:3      | Killed a sky beast
  2818 | D:3      | Reached * piety under Okawaru
  2819 | D:3      | Reached skill level 5 in Polearms
  3101 | D:4      | Noticed Robin
  3152 | D:4      | Killed Robin
  3279 | D:4      | Reached skill level 5 in Throwing
  3279 | D:4      | Reached skill level 1 in Invocations
  3279 | D:4      | Reached XP level 7. HP: 34/72 MP: 6/8
  3443 | D:4      | Found a runed translucent door.
  3444 | D:4      | Noticed Crazy Yiuf
  3449 | D:4      | Killed Crazy Yiuf
  3633 | D:4      | Found a staircase to the Ecumenical Temple.
  3950 | D:5      | Entered Level 5 of the Dungeon
  4274 | D:5      | Reached ** piety under Okawaru
  4394 | D:5      | Reached skill level 5 in Invocations
  4394 | D:5      | Reached XP level 8. HP: 44/80 MP: 11/11
  5082 | D:6      | Found a broken altar of Ashenzari.
  5398 | D:6      | Identified the ring of Otseac {rN+ Str-5 Int+3 Dex+6}
  5623 | D:6      | Found a hazy altar of Hepliaklqana.
  5678 | D:6      | Killed from afar by an orc priest

Illustrated notes

Levels and vault maps discovered:
D:1:      dpeg_arrival_more_subterranean_lakeside_camping, layout_rooms
D:2:      minmay_door_path, layout_basic, lexackson_kobold_supper, uniq_terence
D:3:      layout_loops_ring, grunt_gozag_breadcrumbs,
          mainiacjoe_overflow_alcove_2, minivault_19, kennysheep_crisscross
D:4:      layout_cave_pods, minmay_temple_entry_offerings,
          gammafunk_ghost_split, uniq_robin, uniq_crazy_yiuf_cottage
D:5:      layout_basic, grunt_decor_cap
D:6:      layout_basic, mainiacjoe_overflow_tiny_flanked,
          worldfamousw_hep_ancestral_shrine

Skill      XL: |  1  2  3  4  5  6  7  8 |
---------------+-------------------------+-----
Fighting       | 3 4 5 6 |  6.3
Dodging        | 3 |  3.0
Throwing       | 3 5 |  5.9
Polearms       | 4 5 |  5.8
Invocations    | 1 5 6 |  6.0

Action                     |  1- 3 |  4- 6 |  7- 9 || total
---------------------------+-------+-------+-------++-------
  Melee: Trident           |   117 |   223 |   270 ||   610
         Punch             |       |     3 |     9 ||    12
  Throw: Dart              |     3 |     7 |     6 ||    16
         Large rock        |     1 |     4 |     3 ||     8
         Javelin           |       |     2 |     6 ||     8
    Use: Scroll            |       |    12 |     2 ||    14
         Potion            |       |     1 |     1 ||     2
   Stab: Sleeping          |     1 |       |       ||     1
 Armour: Robe              |    60 |   185 |   221 ||   466
  Dodge: Dodged            |    75 |   147 |   117 ||   339

Table legend: (Time is in decaauts)
 A = Elapsed time spent in this place.
 B = Non-inter-level travel time spent in this place.
 C = Inter-level travel time spent in this place.
 D = Time resting spent in this place.
 E = Time spent auto-exploring this place.
 F = Levels seen in this place.
 G = Mean time per level.
                   A        B        C        D        E       F      G
               +--------+--------+--------+--------+--------+-----+--------+
         Total |   5701 |   5391 |    310 |    476 |   3211 |   6 |  950.2 |
       Dungeon |   5701 |   5391 |    310 |    476 |   3211 |   6 |  950.2 |
               +--------+--------+--------+--------+--------+-----+--------+

Top non-repeatable levels by time:
     D:3: 1330 daAuts
     D:4: 1271 daAuts
     D:5: 941 daAuts
     D:2: 912 daAuts
     D:6: 749 daAuts
     D:1: 497 daAuts
